 Dungeon Crawl Stone Soup version 0.18.1-5-g4a78601 (webtiles) character file.

7739 Mefis the Thaumaturge (level 11, -4/55 HPs)
             Began as a Deep Elf Wizard on May 14, 2016.
             Was a Follower of Sif Muna.
             Slain by an orc priest
             ... wielding a +0 war axe
              (7 damage)
             ... on level 10 of the Dungeon.
             The game lasted 00:58:01 (15013 turns).

Mefis the Thaumaturge (Deep Elf Wizard)            Turns: 15013, Time: 00:58:02

Health: -4/55      AC:  6    Str:  6    XL:     11   Next: 0%
Magic:  5/25       EV: 17    Int: 27    God:    Sif Muna [*.....]
Gold:   61         SH:  0    Dex: 15    Spells: 11 memorised, 1 level left

rFire  . . .     SeeInvis .     L - +0 shortbow
rCold  . . .     Gourm    .     a - +0 robe
rNeg   . . .     Faith    .     (shield currently unavailable)
rPois  .         Spirit   .     b - +0 hat
rElec  .         Dismiss  .     O - +2 cloak
rCorr  .         Reflect  .     (no gloves)
SustAt .         Harm     .     J - +0 pair of boots
MR     +....     Rnd*Tele +     (no amulet)
Stlth  +++.......               Y - ring of loudness (curse)
                                i - ring of teleportation (curse)

@: about to teleport, somewhat resistant to hostile enchantments, fairly
stealthy
A: horns 1, thin skeletal structure 1, strong 1, subdued magic 2
a: Channel Energy, Renounce Religion


You were on level 10 of the Dungeon.
You worshipped Sif Muna.
Sif Muna was aware of your devotion.
You were not hungry.

You visited 2 branches of the dungeon, and saw 11 of its levels.

You collected 605 gold pieces.
You spent 544 gold pieces at shops.

Inventory:

Hand Weapons
 C - a +2 demon blade of electrocution
 L - a +0 shortbow (weapon)
Missiles
 g - 38 arrows (quivered)
 n - 3 javelins
 o - a throwing net
 D - 13 tomahawks
 I - 6 needles of frenzy
 K - 3 curare-tipped needles
 P - 2 needles of confusion
Armour
 a - a +0 robe (worn)
 b - a +0 hat (worn)
 J - a +0 pair of boots (worn)
 O - a +2 cloak (worn)
Magical Staves
 W - an uncursed staff of death
Jewellery
 i - a cursed ring of teleportation (left hand)
 v - an uncursed ring of resist corrosion
 A - an uncursed ring of protection from fire
 Y - a cursed ring of loudness (right hand)
Wands
 j - a wand of teleportation (4/9)
 u - a wand of slowing (33/48)
 y - a wand of enslavement (7/24)
 N - a wand of iceblast (8/15)
 T - a wand of polymorph (16/24)
Scrolls
 h - 2 scrolls of random uselessness
 k - 3 scrolls of amnesia
 p - 2 scrolls of enchant weapon
 r - 2 scrolls of enchant armour
 s - a scroll of magic mapping
 x - 3 scrolls of fear
 H - a scroll of teleportation
 R - a scroll of recharging
 X - 2 scrolls of immolation
 Z - 3 scrolls of identify
Potions
 l - a potion of degeneration
 m - a potion of mutation
 q - a potion of invisibility {unknown}
 t - a potion of curing
 w - 2 potions of flight
 z - a potion of magic {unknown}
 B - a potion of haste {unknown}
 U - 4 potions of might
Books
 c - a book of Minor Magic

   Spells                             Type                      Level
   a - Magic Dart                     Conjuration                  1
   b - Blink                          Translocation                2
   c - Call Imp                       Summoning                    2
   d - Repel Missiles                 Charms/Air                   2
   e - Slow                           Hexes                        2
   f - Conjure Flame                  Conjuration/Fire             3
   g - Mephitic Cloud                 Conjuration/Poison/Air       3
 e - a book of Frost

   Spells                             Type                      Level
   a - Freeze                         Ice                          1
   b - Throw Frost                    Conjuration/Ice              2
   c - Ozocubu's Armour               Charms/Ice                   3
   d - Throw Icicle                   Conjuration/Ice              4
   e - Summon Ice Beast               Ice/Summoning                4
 E - Milluwku's Reference Book on the Rocks
   (You found it on level 4 of the Dungeon)

   Spells                             Type                      Level
   a - Sandblast                      Earth                        1
   b - Passwall                       Transmutation/Earth          2
   c - Statue Form                    Transmutation/Earth          6
 M - a book of Dreams

   Spells                             Type                      Level
   a - Ensorcelled Hibernation        Hexes/Ice                    2
   b - Silence                        Hexes/Air                    5
   c - Darkness                       Hexes                        6
   d - Shadow Creatures               Summoning                    6
Comestibles
 d - a bread ration
 f - a slice of pizza
 F - 6 meat rations
 G - 17 fruits
 Q - a royal jelly
 S - a chunk of flesh
 V - 3 beef jerkies


   Skills:
 + Level 0.4 Fighting
 + Level 0.5 Long Blades
 + Level 7.7 Dodging
 + Level 8.5 Stealth
 + Level 8.8 Spellcasting
 + Level 7.7 Conjurations
 + Level 8.2 Hexes
 - Level 1.1 Summonings
 - Level 1.1 Translocations
 - Level 3.2 Fire Magic
 + Level 6.9 Ice Magic
 + Level 6.1 Poison Magic
 * Level 1.0 Invocations


You had one spell level left.
You knew the following spells:

 Your Spells              Type           Power        Failure   Level  Hunger
a - Magic Dart            Conj           ####         1%          1    None
b - Call Imp              Summ           ##......     3%          2    None
c - Blink                 Tloc           N/A          3%          2    None
e - Mephitic Cloud        Conj/Pois/Air  ###.....     1%          3    None
f - Conjure Flame         Conj/Fire      ####....     1%          3    None
g - Slow                  Hex            #####...     1%          2    None
h - Ensorcelled Hibernat  Hex/Ice        ####..       1%          2    None
i - Passwall              Trmt/Erth      #.........   6%          2    None
o - Ozocubu's Armour      Chrm/Ice       ###.....     1%          3    None
p - Repel Missiles        Chrm/Air       #.....       6%          2    None
s - Throw Icicle          Conj/Ice       ####....     1%          4    #......


Dungeon Overview and Level Annotations

Branches:
Dungeon (10/15)            Temple (1/1) D:4             Orc (0/2) D:9
   Lair: D:8-11

Altars:
Ashenzari
Cheibriados
Dithmenos
Elyvilon
Fedhas
Gozag
Kikubaaqudgha
Makhleb
Nemelex Xobeh
Okawaru
Pakellas
Qazlal
Ru
Sif Muna
Trog
Vehumet
Xom
Yredelemnul
Zin
The Shining One

Shops:
D:10 *


Innate Abilities, Weirdness & Mutations

You have a pair of small horns on your head.
You have a somewhat thin skeletal structure (Dex +2, Stealth).
Your muscles are strong. (Str +2)
Your spells are easier to cast, but less powerful.


Message History

Confirm with . or Enter, or press ? or * to list all spells.
You blink.
Casting: Blink
Confirm with . or Enter, or press ? or * to list all spells.
You blink.
Your surroundings seem slightly different.
The orc priest miscasts a cantrip.
Casting: Blink
Confirm with . or Enter, or press ? or * to list all spells.
You blink.
Casting: Blink
Confirm with . or Enter, or press ? or * to list all spells.
Okay, then.
Read which item? (? for menu, Esc to quit)
As you read the scroll of teleportation, it crumbles to dust.
You feel strangely unstable.
Casting: Blink
Confirm with . or Enter, or press ? or * to list all spells.
You blink.
The orc priest hits you with a war axe!
You die...

.# .#
########+##.##
#....§.......
#..$..?.....#
#......o....#
#...........#
#.....oo....#
#...†@..o$..#
########o####
#.$........#
#...o.....[#
.').....o.>.+
.#....>!o...#
#..........#
#......[...+
#..........#


You could see an orc warrior, an orc priest, an orc wizard and 2 orcs.

Vanquished Creatures
  Pikel (D:7)
  A hill giant (D:7)
  A cyclops (D:9)
  2 trolls
  Prince Ribbit (D:7)
  Sigmund (D:3)
  A shadow (D:8)
  A wyvern (D:10)
  2 hungry ghosts
  A water moccasin (D:6)
  3 orc warriors
  A phantom (D:5)
  2 sky beasts
  5 ice beasts
  3 slaves (D:7)
  2 black bears (D:6)
  6 ogres
  A necrophage (D:9)
  2 centaurs
  A crocodile (D:8)
  2 giant frogs
  4 scorpions
  2 killer bees
  7 howler monkeys
  15 wights
  4 jellies
  3 crimson imps (D:9)
  A giant frog zombie (D:8)
  7 hounds
  4 orc priests
  Crazy Yiuf (D:5)
  10 orc wizards
  2 giant frog skeletons
  2 iguanas (D:7)
  Terence (D:2)
  Ijyb (D:3)
  6 worker ants
  15 gnolls
  17 adders
  A shadow imp (D:7)
  An ooze (D:4)
  An adder skeleton (D:9)
  An adder zombie (D:9)
  3 worms (D:2)
  6 giant geckos
  25 orcs
  8 bats
  8 giant cockroaches
  4 hobgoblins
  12 jackals
  8 kobolds
  3 quokkas
  5 ball pythons
  2 giant newts
  12 goblins
  A jackal zombie (D:8)
  A quokka skeleton (D:6)
  2 quokka zombies
  6 rats
252 creatures vanquished.

Vanquished Creatures (collateral kills)
  Grinder (D:3)
  A giant frog (D:7)
  2 killer bees (D:8)
  An orc priest (D:5)
  An orc wizard (D:5)
  2 adders
  A rat (D:3)
9 creatures vanquished.

Vanquished Creatures (others)
  A slave (D:8)
  A centaur (D:8)
  A quokka (D:3)
  A giant gecko zombie (D:8)
4 creatures vanquished.

Grand Total: 265 creatures vanquished

Notes
Turn   | Place    | Note
--------------------------------------------------------------
     0 | D:1      | Mefis the Deep Elf Wizard began the quest for the Orb.
     0 | D:1      | Reached XP level 1. HP: 10/10 MP: 7/7
   167 | D:1      | Reached XP level 2. HP: 15/15 MP: 0/9
   190 | D:1      | Learned a level 2 spell: Call Imp
   193 | D:1      | Learned a level 2 spell: Blink
   196 | D:1      | Learned a level 2 spell: Repel Missiles
   920 | D:2      | Reached XP level 3. HP: 19/19 MP: 1/11
  1524 | D:2      | Reached XP level 4. HP: 21/24 MP: 3/12
  1829 | D:2      | Reached skill level 5 in Spellcasting
  1979 | D:2      | Noticed Terence
  1991 | D:2      | Learned a level 3 spell: Mephitic Cloud
  2004 | D:2      | Killed Terence
  2061 | D:2      | Learned a level 3 spell: Conjure Flame
  2149 | D:2      | Reached XP level 5. HP: 26/28 MP: 5/14
  2716 | D:3      | Noticed Ijyb
  2727 | D:3      | Killed Ijyb
  2730 | D:3      | Noticed Sigmund
  2835 | D:3      | Killed Sigmund
  2835 | D:3      | Reached skill level 1 in Fire Magic
  2835 | D:3      | Reached skill level 1 in Poison Magic
  2835 | D:3      | Reached XP level 6. HP: 25/32 MP: 5/16
  2839 | D:3      | Learned a level 2 spell: Slow
  2954 | D:3      | Found a faded altar to an unknown god.
  3054 | D:3      | Noticed Grinder
  3059 | D:3      | Paralysed by Grinder for 6 turns
  3098 | D:3      | Paralysed by Grinder for 4 turns
  3377 | D:3      | Killed Grinder
  3516 | D:3      | Found a white marble altar of Elyvilon.
  3715 | D:4      | Reached XP level 7. HP: 36/36 MP: 11/18
  4019 | D:4      | Found a glowing golden altar of the Shining One.
  4019 | D:4      | Found a glowing silver altar of Zin.
  4019 | D:4      | Found a white marble altar of Elyvilon.
  4269 | D:4      | Identified Milluwku's Reference Book on the Rocks
  4459 | D:4      | Found a staircase to the Ecumenical Temple.
  4514 | Temple   | Entered the Ecumenical Temple
  4618 | D:5      | Entered Level 5 of the Dungeon
  4893 | D:5      | Reached skill level 5 in Stealth
  4893 | D:5      | Reached skill level 5 in Conjurations
  5080 | D:5      | Reached skill level 5 in Dodging
  5208 | D:5      | Reached XP level 8. HP: 38/41 MP: 5/20
  5385 | D:5      | Learned a level 2 spell: Ensorcelled Hibernation
  5388 | D:5      | Learned a level 2 spell: Passwall
  5433 | D:5      | Found an iron altar of Okawaru.
  5715 | D:5      | Noticed Crazy Yiuf
  5721 | D:5      | Killed Crazy Yiuf
  5960 | D:6      | Reached skill level 1 in Hexes
  5960 | D:6      | Reached skill level 1 in Ice Magic
  7054 | D:6      | Found a bloodstained altar of Trog.
  7275 | D:6      | Found a stormy altar of Qazlal.
  7606 | D:7      | Found a sparkling altar of Nemelex Xobeh.
  7606 | D:7      | Noticed Prince Ribbit
  7644 | D:6      | Reached XP level 9. HP: 45/45 MP: 5/21
  8133 | D:7      | Reached skill level 5 in Hexes
  8299 | D:7      | Gained mutation: Your spells are a little easier to cast, but a little less powerful. [mutagenic meat]
  8300 | D:7      | Gained mutation: Your muscles are strong. (Str +2) [mutagenic meat]
  8301 | D:7      | Gained mutation: Your spells are easier to cast, but less powerful. [mutagenic meat]
  8303 | D:7      | Gained mutation: You have a somewhat thin skeletal structure (Dex +2, Stealth). [mutagenic meat]
  8304 | D:7      | Gained mutation: You have a pair of small horns on your head. [mutagenic meat]
  9368 | D:7      | Found a sacrificial altar of Ru.
  9390 | D:7      | Killed Prince Ribbit
  9752 | D:8      | Found a white marble altar of Elyvilon.
  9885 | D:8      | Noticed a hill giant
  9925 | D:8      | Reached skill level 5 in Poison Magic
  9990 | D:8      | Reached skill level 5 in Ice Magic
 10241 | D:8      | Noticed Pikel
 10439 | D:7      | Killed Pikel
 10439 | D:7      | Reached XP level 10. HP: 39/50 MP: 8/23
 10712 | D:7      | Killed a hill giant
 10878 | D:8      | Found an oddly glowing altar of Pakellas.
 11259 | D:8      | Found a blossoming altar of Fedhas.
 12435 | D:9      | Found a shattered altar of Ashenzari.
 12450 | D:9      | Found a staircase to the Orcish Mines.
 12625 | D:9      | Found a radiant altar of Vehumet.
 12640 | D:9      | Found an ancient bone altar of Kikubaaqudgha.
 12654 | D:9      | Found a deep blue altar of Sif Muna.
 12663 | D:9      | Became a worshipper of Sif Muna the Loreminder
 13244 | D:9      | Found a blossoming altar of Fedhas.
 13545 | D:9      | Noticed a cyclops
 13857 | D:9      | Killed a cyclops
 14124 | D:9      | Learned a level 4 spell: Throw Icicle
 14128 | D:9      | Learned a level 3 spell: Ozocubu's Armour
 14215 | D:10     | Entered Level 10 of the Dungeon
 14215 | D:10     | Found Diezaim's Desiderata Depot.
 14279 | D:10     | Reached * piety under Sif Muna
 14702 | D:10     | Bought a +2 demon blade of electrocution for 544 gold pieces
 14734 | D:10     | Noticed a hill giant
 14948 | D:10     | Reached skill level 1 in Invocations
 14948 | D:10     | Reached XP level 11. HP: 9/55 MP: 3/25
 15006 | D:10     | HP: 2/55 [orc/mace (8)]
 15013 | D:10     | Slain by an orc priest

Skill      XL: |  1  2  3  4  5  6  7  8  9 10 |
---------------+-------------------------------+-----
Conjurations   | 2 3 4 5 6 7 |  7.7
Dodging        | 3 4 5 6 7 |  7.7
Stealth        | 3 4 5 6 7 8 |  8.5
Spellcasting   | 5 6 7 8 |  8.8
Fire Magic     | 1 2 3 |  3.2
Poison Magic   | 1 3 4 5 6 |  6.1
Hexes          | 4 6 8 |  8.2
Ice Magic      | 2 5 6 |  6.9
Invocations    | 1 |  1.0
Fighting       | |  0.4
Long Blades    | |  0.5
Summonings     | |  1.1
Translocations | |  1.1

Action                   |  1- 3 |  4- 6 |  7- 9 | 10-12 || total
-------------------------+-------+-------+-------+-------++-------
Melee: Dagger            |     2 |    21 |       |    11 ||    34
       Flail             |       |       |    31 |       ||    31
       Headbutt          |       |       |     2 |     2 ||     4
       Short sword       |       |       |       |     8 ||     8
 Fire: Shortbow          |       |       |    38 |   284 ||   322
 Cast: Magic Dart        |    58 |   115 |   462 |   220 ||   855
       Repel Missiles    |     1 |     1 |     1 |     2 ||     5
       Call Imp          |       |    18 |    11 |     7 ||    36
       Mephitic Cloud    |       |     4 |    33 |    26 ||    63
       Conjure Flame     |       |     1 |    10 |    36 ||    47
       Blink             |       |       |     6 |    12 ||    18
       Ensorcelled Hiber |       |       |     1 |    12 ||    13
       Throw Icicle      |       |       |       |    12 ||    12
Invok: Channel Energy    |       |       |       |     3 ||     3
  Use: Scroll            |       |       |    12 |     8 ||    20
       Potion            |       |       |       |     1 ||     1
 Stab: Sleeping          |     1 |     3 |       |     9 ||    13
       Distracted        |       |     1 |       |       ||     1
       Confused          |       |       |     2 |       ||     2
  Eat: Chunk             |     1 |     7 |    20 |    10 ||    38
       Bread ration      |       |       |     2 |     1 ||     3
Armor: Robe              |       |     6 |    88 |    19 ||   113
Dodge: Dodged            |     9 |    16 |   196 |   107 ||   328
       Deflected         |     1 |       |     7 |     3 ||    11
